 Dungeon Crawl Stone Soup version bcrawl-1.19.1 (webtiles) character file.

Game seed: 11152609270261268218

2524 Mrkan the Fighter (level 9, -6/82 HPs)
             Began as a Hill Orc Fighter on Dec 3, 2019.
             Was a Priest of Lugonu.
             Mangled by a yak (12 damage)
             ... on level 7 of the Dungeon.
             The game lasted 00:10:41 (6537 turns).

Mrkan the Fighter (Hill Orc Fighter)                Turns: 6537, Time: 00:10:41

Health: -6/82      AC: 10    Str: 21    XL:     9   Next: 54%
Magic:  10/10      EV:  8    Int:  9    God:    Lugonu [***...]
Gold:   441        SH: 12    Dex: 10    Spells: 8/8 levels left

rFire    . . .     SeeInvis .   a - +0 war axe
rCold    . . .     Gourm    .   c - +1 shield
rNeg     . . .     Faith    .   b - +0 scale mail
rPois    .         Spirit   .   q - +0 helmet
rElec    .         Reflect  .   (no cloak)
rCorr    .         Harm     .   v - +0 pair of gloves
MR       .....                  (no boots)
Stlth    ..........             (no amulet)
HPRegen  0.23/turn              (no ring)
MPRegen  0.12/turn              (no ring)

@: no status effects
A: no striking features
a: Depart the Abyss, Bend Space, Banish, Renounce Religion


You were on level 7 of the Dungeon.
You worshipped Lugonu.
Lugonu was most pleased with you.
You were not hungry.

You visited 1 branch of the dungeon, and saw 7 of its levels.

You collected 441 gold pieces.

Inventory:

Hand Weapons
 a - a +0 war axe (weapon)
 y - the cursed +1 hunting sling "Unodd" {freeze, MP+9, unknown}
   (You found it on level 6 of the Dungeon)

   It causes projectiles fired from it to freeze those they strike, causing
   extra injury to most foes and up to half again as much damage against
   particularly susceptible opponents.
   They can also slow down cold-blooded creatures.
   It affects your magic capacity (+9).
   It has a curse placed upon it.
Armour
 b - a +0 scale mail (worn)
 c - a +1 shield (worn)
 p - a +0 helmet
 q - a +0 helmet (worn)
 v - a +0 pair of gloves (worn)
Jewellery
 g - the amulet "Joreefaseph" {Inacc Dex+2, unknown}
   (You found it on level 6 of the Dungeon)

   [amulet of inaccuracy]

   It reduces the accuracy of all your attacks.
   It affects your dexterity (+2).
 s - a +4 ring of intelligence {unknown}
 x - an uncursed ring of protection from fire {unknown}
Scrolls
 i - 12 scrolls of identify
 l - 5 scrolls of teleportation
 o - a scroll of immolation
 r - a scroll of magic mapping
 t - a scroll of enchant armour
 w - a scroll of enchant weapon {unknown}
 A - a scroll of summoning {unknown}
 B - a scroll of vulnerability {unknown}
 C - a scroll of fear {unknown}
Potions
 d - a potion of might
 e - a potion of flight {unknown}
 h - a potion of magic {unknown}
 j - 4 potions of curing
 k - 3 potions of brilliance {unknown}
 m - a potion of resistance {unknown}
 n - a potion of heal wounds {unknown}
 u - 2 potions of lignification {unknown}
Comestibles
 f - 18 rations {!d}
 z - 7 chunks of flesh


   Skills:
 + Level 8.6 Fighting
   Level 8.6 Short Blades
   Level 8.6 Long Blades
   Level 8.6 Axes
   Level 8.6 Maces & Flails
   Level 8.6 Polearms
   Level 8.6 Staves
 + Level 7.6 Armour
 + Level 7.6 Shields
   Level 8.6 Unarmed Combat
 * Level 1.4 Invocations


You had 8 spell levels left.
You didn't know any spells.
Your spell library contained the following spells:

 Spells                   Type           Power        Failure   Level  Hunger
 Freeze                   Ice            #.....       95%         1    ##.....
 Throw Frost              Conj/Ice       #.....       98%         2    ###....
 Ozocubu's Armour         Chrm/Ice       #.......     100%        3    ####...
 Summon Ice Beast         Ice/Summ       #.......     100%        4    #####..
 Throw Icicle             Conj/Ice       #.......     100%        4    #####..


Dungeon Overview and Level Annotations

Branches:
Dungeon (7/12)             Temple (0/1) D:4            Lair (0/6) D:7

Altars:
Ashenzari
Cheibriados
Lugonu
Okawaru
Trog
Uskayaw

Shops:
D:4 *   D:6 %

Annotations:
D:3 2 transporters, Quickbrownfox's ghost, amateur MfIE


Message History

You barely miss the yak.
The yak is heavily wounded.
You block the yak's attack.
You slash the yak!
Space bends around the yak.
The yak is almost dead.
You block the yak's attack.
You slash the yak!
You kill the yak!
Lugonu accepts your kill.
Your Invocations skill increases to level 1!
The yak gores you but does no damage.
Some of the chunks of flesh in your inventory have rotted away.
You block the yak's attack.
You barely miss the yak.
The yak is moderately wounded.
You block the yak's attack.
You hit the yak.
The yak looks slightly unstable.
The yak is moderately wounded.
The yak gores you!
You die...

#.# #.).>....# #######.#
#.#)###### ........###.#.########
############.....#.#......#
.................#.#.####.#
.....#######.###.#.#.####.#######
..##.#...........................
..##.#.#####.###.#.#.####..######
.....#.# #...#@#.#.# #..#
######.#######.#Y#.#.####..######
...............#.#.#.............
.#####.#########.#.######..######
...).................# #........
.......###########.######..^.....
..................##...##........
.......############♣.>.♣##.......
.####### #..÷÷...#.......


You could see a yak.

Vanquished Creatures
  A centaur zombie (D:6)
  A hippogriff (D:4)
  2 yaks (D:7)
  A crocodile (D:7)
  A water moccasin (D:6)
  A porcupine (D:7)
  A phantom (D:4)
  2 ogres
  A centaur (D:6)
  Blork the orc (D:5)
  A bullfrog (D:6)
  2 scorpions
  A howler monkey (D:4)
  4 crimson imps
  2 orc priests
  3 hounds
  A bullfrog skeleton (D:6)
  A jelly (D:7)
  4 orc wizards
  An iguana (D:3)
  4 worker ants
  Robin (D:4)
  8 adders
  7 gnolls
  4 worms
  A dart slug (D:3)
  3 leopard geckos
  15 orcs
  8 bats
  3 giant cockroaches
  8 goblins
  12 hobgoblins
  12 jackals
  6 kobolds
  A quokka (D:5)
  2 ball pythons
  7 frilled lizards
  6 rats
140 creatures vanquished.

Vanquished Creatures (others)
  2 fungi (D:7)
  12 plants (D:7)
14 creatures vanquished.

Grand Total: 154 creatures vanquished

Notes
Turn   | Place    | Note
-------+----------+-------------------------------------------
     0 | D:1      | Mrkan the Hill Orc Fighter began the quest for the Orb.
     0 | D:1      | Reached XP level 1. HP: 20/20 MP: 1/1
   263 | D:1      | Reached XP level 2. HP: 26/27 MP: 2/2
   705 | D:1      | Reached XP level 3. HP: 33/34 MP: 3/3
  1051 | D:2      | Reached XP level 4. HP: 32/41 MP: 4/4
  1182 | D:2      | Found a corrupted altar of Lugonu.
  1199 | D:2      | Became a worshipper of Lugonu the Unformed
  1618 | D:3      | Reached XP level 5. HP: 33/47 MP: 5/5
  1619 | D:3      | Reached skill level 5 in Fighting
  1623 | D:3      | Reached ** piety under Lugonu
  1724 | D:3      | Found a transporter.
  1726 | D:3      | Noticed Quickbrownfox's ghost (amateur MfIE)
  1795 | D:3      | Found a transporter.
  2524 | D:4      | Found a bloodstained altar of Trog.
  2525 | D:4      | Noticed a phantom
  2549 | D:4      | Killed a phantom
  2549 | D:4      | Reached XP level 6. HP: 40/56 MP: 6/6
  2901 | D:4      | Found a staircase to the Ecumenical Temple.
  3274 | D:4      | Found Ixaimuog's Assorted Antiques.
  3322 | D:4      | Reached skill level 5 in Armour
  3322 | D:4      | Reached skill level 5 in Shields
  3325 | D:4      | Reached skill level 6 in Fighting
  3325 | D:4      | Reached XP level 7. HP: 63/63 MP: 7/7
  3355 | D:4      | Noticed a hippogriff
  3368 | D:4      | Killed a hippogriff
  4067 | D:4      | Reached XP level 8. HP: 52/71 MP: 8/8
  4318 | D:4      | Noticed Robin
  4324 | D:4      | Reached *** piety under Lugonu
  4326 | D:4      | Killed Robin
  4539 | D:5      | Entered Level 5 of the Dungeon
  4539 | D:5      | Found an iron altar of Okawaru.
  4826 | D:5      | Noticed Blork the orc
  4834 | D:5      | Killed Blork the orc
  5080 | D:5      | Found a snail-covered altar of Cheibriados.
  5081 | D:5      | Found a hide-covered altar of Uskayaw.
  5400 | D:6      | Reached skill level 7 in Fighting
  5428 | D:6      | Got a sparkling emerald amulet
  5479 | D:6      | Found Qebiem's Food Shop.
  5559 | D:6      | Got an iridescent hunting sling
  6173 | D:6      | Found a shattered altar of Ashenzari.
  6188 | D:6      | Reached skill level 8 in Fighting
  6188 | D:6      | Reached XP level 9. HP: 67/81 MP: 9/9
  6464 | D:7      | Found a staircase to the Lair.
  6517 | D:7      | HP: 1/82 [yak (11)]
  6520 | D:7      | Reached skill level 1 in Invocations
  6537 | D:7      | Mangled by a yak

Skill      XL: |  1  2  3  4  5  6  7  8  9 |
---------------+----------------------------+-----
Armour         | 4 5 7 |  7.6
Shields        | 4 5 7 |  7.6
Fighting       | 5 6 8 |  8.6
Invocations    | 1 |  1.4
Short Blades   | |  8.6
Long Blades    | |  8.6
Axes           | |  8.6
Maces & Flails | |  8.6
Polearms       | |  8.6
Staves         | |  8.6
Unarmed Combat | |  8.6

Action                   |  1- 3 |  4- 6 |  7- 9 || total
-------------------------+-------+-------+-------++-------
Melee: War axe           |    91 |   279 |   268 ||   638
  Use: Scroll            |       |       |     7 ||     7
  Eat: Chunk             |       |     8 |    11 ||    19
Armor: Scale mail        |    41 |   131 |    92 ||   264
Dodge: Dodged            |    36 |    78 |    52 ||   166
Block: Shield            |    56 |   137 |   132 ||   325
